Map: Prion Terraces

Players

ILLBdA

  • Race: Protoss Protoss
  • League: Diamond

초보임 - Winner!

  • Race: Zerg Zerg
  • League: Diamond

VOD

Have the link to the VOD?

Description

Time

  • Played on: Dec. 20, 2015, 7:44 a.m.
  • Length: 9:54
Show
View Real Time Build Order
Export as new Build Order

ILLBdA Protoss 

Build Orders:  

Get SALT Encoding   

  12  0:01  Probe (Chrono Boost)  
  13  0:11  Probe (Chrono Boost)  
  14  0:21  Pylon  
  14  0:22  Probe (Chrono Boost)  
  15  0:40  Probe (Chrono Boost)  
  16  0:43  Forge  
  16  0:50  Probe (Chrono Boost)  
  17  1:01  Probe (Chrono Boost)  
  19  1:11  Probe (Chrono Boost)  
  19  1:31  Pylon  
  19  1:40  Pylon  
  19  1:51  Photon Cannon  
  19  2:02  Nexus  
  19  2:04  Probe (Chrono Boost)  
  19  2:06  Pylon  
  20  2:17  Probe (Chrono Boost), Pylon  
  20  2:20  Pylon  
  21  2:23  Pylon  
  21  2:28  Probe (Chrono Boost)  
  22  2:30  Gateway  
  22  2:38  Probe (Chrono Boost)  
  22  2:40  Assimilator  
  22  2:41  Assimilator  
  22  2:43  Photon Cannon  
  23  2:48  Pylon  
  23  2:49  Probe (Chrono Boost)  
  24  2:59  Probe (Chrono Boost)  
  25  3:10  Probe (Chrono Boost)  
  25  3:11  Pylon  
  26  3:16  Probe (Chrono Boost)  
  27  3:20  Probe (Chrono Boost)  
  27  3:22  Cybernetics Core  
  27  3:23  Zealot  
  29  3:31  Probe (Chrono Boost)  
  30  3:39  Photon Cannon  
  30  3:40  Probe (Chrono Boost)  
  31  3:43  Probe (Chrono Boost)  
  32  3:51  Probe (Chrono Boost)  
  32  3:53  Photon Cannon  
  32  3:54  Probe (Chrono Boost)  
  34  3:58  Sentry (Chrono Boost)  
  34  3:59  Mothership Core (Chrono Boost)  
  36  4:11  Robotics Facility  
  36  4:17  Probe  
  36  4:21  Pylon  
  39  4:50  Sentry (Chrono Boost)  
  39  4:53  Pylon  
  39  4:55  Pylon  
  39  4:58  Pylon  
  39  5:02  Pylon x2  
  39  5:05  Pylon  
  37  5:07  Pylon  
  37  5:08  Pylon  
  37  5:13  Sentry (Chrono Boost)  
  39  5:20  Immortal (Chrono Boost)  
  43  5:24  Probe, Assimilator  
  43  5:27  Gateway  
  44  5:29  Assimilator  
  44  5:30  Probe  
  44  5:32  Gateway  
  45  5:36  Probe  
  45  5:40  Probe  
  45  5:41  Sentry (Chrono Boost)  
  49  5:48  Probe  
  50  5:51  Probe  
  51  5:57  Immortal (Chrono Boost)  
  55  6:15  Gateway  
  55  6:17  Gateway  
  55  6:19  Sentry  
  57  6:27  Warp Gate (Chrono Boost)  
  61  6:32  Warp Prism  
  61  6:38  Twilight Council  
  59  6:44  Stalker x2  
  63  6:53  Protoss Ground Weapons Level 1 (Chrono Boost)  
  63  7:05  Probe  
  64  7:10  Blink (Chrono Boost)  
  64  7:16  Stalker x4  
  72  7:24  Stalker  
  74  7:31  Pylon  
  74  7:46  Stalker  
  76  8:02  Immortal (Chrono Boost)  
  80  8:31  Stalker x3  
  80  8:32  Stalker x2  
  90  8:38  Immortal  
  94  8:56  Gateway  
  94  8:57  Zealot x4  
  94  8:59  Gateway  
  94  9:02  Pylon  
  92  9:24  Stalker x3  
  92  9:25  Stalker x2  
  82  9:48  Stalker x2  
  82  9:49  Stalker x2  
Show
View Real Time Build Order
Export as new Build Order

초보임 Zerg - Winner!

Build Orders: Hatch First 

Get SALT Encoding   

  12  0:01  Drone  
  13  0:08  Drone  
  14  0:18  Overlord  
  14  0:36  Drone x3  
  17  0:47  Drone  
  18  0:59  Drone  
  18  1:01  Extractor  
  18  1:02  Hatchery  
  17  1:08  Drone  
  18  1:15  Spawning Pool  
  17  1:20  Drone  
  18  1:30  Drone  
  19  1:55  Overlord  
  19  2:03  Queen  
  19  2:04  Metabolic Boost, Roach Warren  
  21  2:09  Zergling x2  
  21  2:10  Overlord  
  22  2:16  Hatchery  
  22  2:19  Zergling x2  
  22  2:26  Zergling x2  
  23  2:45  Roach x2  
  27  2:57  Roach  
  29  3:07  Roach  
  31  3:17  Roach x3  
  37  3:29  Queen  
  37  3:33  Drone  
  37  3:34  Drone  
  41  3:36  Roach  
  43  3:41  Zergling x2  
  43  3:42  Overlord  
  44  3:55  Overlord  
  44  3:58  Hatchery  
  44  4:00  Zergling x2  
  44  4:08  Ravager  
  44  4:10  Roach  
  44  4:12  Drone, Zergling x4  
  44  4:15  Drone  
  43  4:43  Roach x2, Zergling x4  
  43  4:52  Roach, Zergling x6  
  46  4:53  Roach, Zergling x2  
  48  5:04  Roach x2  
  52  5:12  Roach, Zergling x2  
  53  5:14  Zergling x2  
  53  5:15  Zergling x2  
  53  5:20  Drone x2  
  52  5:21  Drone  
  52  5:24  Drone  
  54  5:29  Drone  
  54  5:30  Drone  
  54  5:32  Drone  
  54  5:35  Drone  
  58  5:41  Extractor  
  57  5:47  Lair  
  57  5:49  Drone  
  58  5:51  Drone  
  58  5:52  Drone  
  60  5:57  Queen  
  60  6:00  Drone  
  63  6:07  Drone x3  
  63  6:09  Overlord  
  66  6:16  Overlord  
  66  6:21  Overlord x2  
  65  6:35  Queen  
  65  6:38  Drone x7  
  65  6:39  Drone  
  76  6:47  Drone x4  
  76  6:48  Drone  
  76  6:49  Drone  
  76  6:53  Hydralisk Den  
  80  6:56  Drone x2  
  80  6:57  Extractor  
  80  6:58  Drone  
  80  6:59  Drone  
  80  7:00  Drone  
  84  7:02  Drone  
  84  7:05  Drone x2  
  84  7:08  Overlord  
  87  7:09  Overlord  
  87  7:25  Muscular Augments  
  87  7:28  Ravager  
  89  7:30  Ravager x2  
  89  7:31  Drone x2, Zergling x6  
  89  7:32  Zergling x4  
  89  7:34  Extractor  
  96  7:41  Roach x2  
  96  7:42  Zergling x4  
  102  7:45  Extractor  
  102  7:47  Hydralisk  
  102  7:48  Hydralisk  
  105  7:53  Zergling x4  
  107  8:01  Spore Crawler  
  107  8:02  Hatchery, Hydralisk x2  
  109  8:16  Roach  
  109  8:18  Hydralisk  
  113  8:20  Overlord x3  
  113  8:28  Overlord x3  
  113  8:35  Overlord x2  
  113  8:40  Evolution Chamber  
  112  8:43  Evolution Chamber, Hydralisk x3  
  112  8:44  Infestation Pit  
  112  8:45  Zergling x12  
  112  8:46  Overlord, Zergling x4  
  124  8:51  Roach x2  
  116  9:21  Hydralisk x3  
  116  9:22  Roach, Zergling x10  
  116  9:23  Zergling x4  
Tags
 
Matchup
PvZ
Replay Pack
me
Add a new tag
Caveats
  • Supply blocks, unpowered buildings, or Contaminate may cause inaccurate times.
  • Supply counts are checked every 10 seconds.